AoeStats
← sock

Hideout

510096947Analyzed
1v1 RM · 3d ago on Sep 29, 2026· 19m 41s· 2 players
Game mode
Random Map
Map size
Tiny (2 player)
Population
200
Speed
Normal
Resources
Standard
Victory
Conquest
Starting age
Dark Age
Ending age
Imperial Age
RankedLock teamsTeams togetherTeam positionsShared explorationLock speedFull tech treeHidden civsTurbo modeCheats
Victory
Defeat
🇨🇳 Portuguese · China
849
+17
🇬🇧 Japanese · United Kingdom
875
-17
小河坂梦
11:42 Feudal Age
15:13 Castle Age
16:27 Loom
19:16 Imperial Age
sock
9:34 Feudal Age
9:52 Man-at-Arms
12:01 Loom
13:58 Double-Bit Axe
16:23 Gold Mining
19:30 Castle Age
18:25 Stone Mining
19:15 Wheelbarrow
18:26 Town Watch
18:30 Horse Collar
Connection lost

Rejoining the realm…

Still unreachable

The connection could not be restored.

Session expired

The server has moved on; the page needs a fresh start.